 Dungeon Crawl Stone Soup version 0.16.0-12-g7215832 (webtiles) character file.

42 Ponchio the Conjurer (level 3, -3/19 HPs)
             Began as a Tengu Conjurer on Mar 18, 2015.
             Killed from afar by Ijyb (8 damage)
             ... with a wand of frost
             ... on level 2 of the Dungeon.
             The game lasted 00:05:22 (1350 turns).

Ponchio the Conjurer (Tengu Conjurer)               Turns: 1350, Time: 00:05:22

Health: -3/19      AC:  2    Str:  8    XL:     3   Next: 56%
Magic:  2/7        EV: 12    Int: 16    God:
Gold:   141        SH:  0    Dex: 14    Spells: 1 memorised, 6 levels left

rFire  . . .     SeeInvis .     g - +0 dagger
rCold  . . .     Clarity  .     i - +0 robe
rNeg   . . .     SustAb   .     (no shield)
rPois  .         Gourm    .     (helmet restricted)
rElec  .         Spirit   .     (no cloak)
rCorr  .         Warding  .     (no gloves)
rMut   .         Stasis   .     (boots unavailable)
MR     .....                    (no amulet)
Stlth  ++........               (no ring)
                                (no ring)

@: not resistant to hostile enchantments, unstealthy
A: beak, talons 3
a: no special abilities


You were on level 2 of the Dungeon.
You were not hungry.

You visited 1 branch of the dungeon, and saw 2 of its levels.

You collected 141 gold pieces.

Inventory:

Hand weapons
 g - a +0 dagger (weapon)
Armour
 a - a +0 robe
 i - a +0 robe (worn)
Scrolls
 e - a scroll of identify
 j - 2 scrolls of magic mapping {unknown}
 o - a scroll of enchant armour {unknown}
Potions
 d - a potion of mutation {unknown}
 f - a potion of restore abilities
 h - a potion of agility {unknown}
 l - a potion of curing {unknown}
 p - a potion of ambrosia {unknown}
Books
 c - a book of Conjurations

   Spells                             Type                      Level
   a - Magic Dart                     Conjuration                  1
   b - Searing Ray                    Conjuration                  2
   c - Dazzling Spray                 Conjuration/Hexes            3
   d - Fulminant Prism                Conjuration/Hexes            4
   e - Iskenderun's Mystic Blast      Conjuration                  4
   f - Iskenderun's Battlesphere      Conjuration/Charms           5
Comestibles
 b - 4 bread rations
 k - a slice of pizza
 n - a meat ration


   Skills:
 - Level 2.1 Dodging
 - Level 2.0 Stealth
 + Level 2.7 Spellcasting
 + Level 6.3 Conjurations


You had 6 spell levels left.
You knew the following spells:

 Your Spells              Type           Power        Failure   Level  Hunger
a - Magic Dart            Conj           ###.         1%          1    #......


Dungeon Overview and Level Annotations

Branches:
Dungeon (2/15)

Altars:

Annotations:
D:2 Ijyb


Innate Abilities, Weirdness & Mutations

You have a beak for a mouth.
You have claws for feet.


Message History

Ijyb shouts!
Casting: Magic Dart
Confirm with . or Enter, or press ? or * to list all spells.
Aiming: Magic Dart
Press: ? - help, Shift-Dir - straight line, f - Ijyb
Aim: Ijyb, wielding a club The magic dart hits Ijyb.
Ijyb is lightly wounded.
Ijyb zaps a wand.
The puff of frost hits you!
It is a wand of frost.
Casting: Magic Dart
Confirm with . or Enter, or press ? or * to list all spells.
Aiming: Magic Dart
Press: ? - help, Shift-Dir - straight line, f/p - Ijyb
Aim: Ijyb, wielding a club and carrying a wand of frost {zapped: 1} (lightly wounded)
The magic dart hits Ijyb.
Ijyb is lightly wounded.
Ijyb zaps a wand.
The puff of frost hits you!
* * * LOW HITPOINT WARNING * * *
Ijyb zaps a wand.
The puff of frost hits you!
You die...

#..).........#######.##
#.#. #.#######.<#.# #.#
#####.#. #.# #.##.#
#[####.....#. #.# #.##.#
#.##.....#.# #.# #.##.#
#.##.....#.# #.#
#.##.#######..........#
#.#
#.##..........#.(...###
##.#
#.##########.##.>...####
...#######.#
#.@...............#
.........#.#
#.#####.##.....##.#
########.#.# #.#
#...<........ #.#.# #.#
####.....##.# #.#.# #g#
#.....##.# #.#.# #..
......####.# #.#.# ###
####### #.# #.#.######
#.# #.#......# ##.#


You could see Ijyb.

Vanquished Creatures
  Jessica (D:2)
  An adder (D:2)
  A bat (D:2)
  A giant cockroach (D:2)
  7 hobgoblins
  2 ball pythons
  A giant gecko (D:1)
  4 rats (D:1)
18 creatures vanquished.

Notes
Turn   | Place    | Note
--------------------------------------------------------------
     0 | D:1      | Ponchio, the Tengu Conjurer, began the quest for the Orb.
     0 | D:1      | Reached XP level 1. HP: 10/10 MP: 3/3
   269 | D:1      | Reached XP level 2. HP: 15/15 MP: 0/5
   848 | D:2      | Reached skill level 6 in Conjurations
   917 | D:2      | Noticed Jessica
   921 | D:2      | Killed Jessica
   921 | D:2      | Reached XP level 3. HP: 17/19 MP: 2/7
  1347 | D:2      | Noticed Ijyb
  1350 | D:2      | Killed from afar by Ijyb

Action                   || total
-------------------------++-------
Melee: Dagger            ||     3
 Cast: Magic Dart        ||    37
  Use: Scroll            ||     4
  Eat: Chunk             ||     2
